 Dungeon Crawl Stone Soup version 0.32-a0-461-g5d8ddb3 (webtiles) character file.

Game seed: 2065835956057921143

6850 Remcycle the Brawler (level 10, 0/92 HPs)
             Began as a Troll Berserker on Feb 24, 2024.
             Was a High Priest of Trog.
             Slain by an unseen horror (8 damage)
             ... on level 8 of the Dungeon.
             The game lasted 00:14:03 (5146 turns).

Remcycle the Brawler (Troll Berserker)              Turns: 5146, Time: 00:14:03

Health: 0/92       AC:  6    Str: 35    XL:     10   Next: 78%
Magic:  9/9        EV: 10    Int:  3    God:    Trog [*****.]
Gold:   444        SH:  0    Dex: 11    Spells: 9/9 levels left

rFire   + .          .
                       - Unarmed
rCold   + . .        (no shield)
rNeg    . . .        a - +1 animal skin
rPois   +            (helmet restricted)
rElec   +            v - +0 cloak
rCorr   +            (gloves unavailable)
SInv    .            (boots unavailable)
Will    .....        (no amulet)
Stlth   +            h - +6 ring of strength
HPRegen 1.15/turn    k - ring of resist corrosion
MPRegen 0.11/turn

%: no passive effects
@: confused, resistant, ambrosia-drunk
A: large, unfitting armour, claws 3, regeneration 1, shaggy fur 1, tough skin 1
a: Renounce Religion, Berserk, Trog's Hand, Brothers in Arms


You were on level 8 of the Dungeon.
You worshipped Trog.
Trog was extremely pleased with you.
You visited 2 branches of the dungeon, and saw 9 of its levels.

You collected 444 gold pieces.

Inventory:

Missiles
 p - 2 throwing nets (quivered)
Armour
 a - a +1 animal skin (worn)
 v - a +0 cloak (worn)
Jewellery
 d - a +6 ring of strength
 h - a +6 ring of strength (left claw)
 i - an amulet of regeneration
 k - a ring of resist corrosion (right claw)
 t - a ring of protection from fire
Wands
 b - a wand of charming (7)
 c - a wand of flame (12)
 z - a wand of digging (7)
Scrolls
 e - a scroll of enchant armour
 g - a scroll of revelation
 m - 2 scrolls of summoning {unknown}
 n - a scroll of brand weapon {unknown}
 o - 2 scrolls of fog
 w - a scroll of noise {unknown}
 y - 4 scrolls of identify
Potions
 f - a potion of mutation
 l - 3 potions of curing
 q - a potion of lignification
 r - a potion of ambrosia
 s - a potion of degeneration {unknown}
 u - 2 potions of attraction {unknown}
 A - 2 potions of heal wounds {unknown}
 D - a potion of haste {unknown}
Miscellaneous
 x - a sack of spiders
 B - a phial of floods


   Skills:
 + Level 3.8 Fighting
 + Level 2.7 Armour
 + Level 3.8 Dodging
 + Level 15.3 Unarmed Combat


You had 9 spell levels left.
You didn't know any spells.
Your spell library was empty.

Dungeon Overview and Level Annotations

Branches:
Dungeon (8/15)             Temple (1/1) D:5
   Lair: D:8-11

Altars:
Ashenzari
Cheibriados
Dithmenos
Elyvilon
Fedhas
Gozag
Hepliaklqana
Kikubaaqudgha
Nemelex Xobeh
Qazlal
Ru
Sif Muna
Trog
Uskayaw
Vehumet
Xom
Zin
The Shining One
Beogh


Innate Abilities, Weirdness & Mutations

You are too large for most types of armour.
You have claws for hands.
Your natural rate of healing is unusually fast.
You are covered in fur. (AC +1)
You have tough skin. (AC +1)


Message History

Something hits you! Something hits you. The yak gores you.
The orc priest mumbles some strange prayers to Beogh against you.
Beogh smites you!
A kobold comes into view. It is wielding a +0 short sword.
You see here a +0 dagger.
You are too injured to fight recklessly!
You are too injured to fight recklessly!
You are too injured to fight recklessly!
Unknown command.
Something hits you!
* * * LOW HITPOINT WARNING * * *
Something hits you but does no damage.
The orc priest calls down the wrath of Beogh upon you.
Beogh smites you!
* * * LOW HITPOINT WARNING * * *
Something hits you.
* * * LOW HITPOINT WARNING * * *
The orc priest mumbles some strange prayers to Beogh against you.
Beogh smites you!
* * * LOW HITPOINT WARNING * * *
Something hits you but does no damage. The yak attacks as it pursues you!
The yak gores you but does no damage.
The orc throws a boomerang.
The boomerang hits you but does no damage.
You feel better. Something hits you!
* * * LOW HITPOINT WARNING * * *
The yak gores you.
* * * LOW HITPOINT WARNING * * *
You are confused.
You feel invigorated. The yak barely misses you.
The orc priest closely misses you.
You feel protected. Something hits you.
* * * LOW HITPOINT WARNING * * *
Something hits you.
* * * LOW HITPOINT WARNING * * *
The yak completely misses you. The orc priest closely misses you.
The orc priest hits you with a +0 falchion!
* * * LOW HITPOINT WARNING * * *
You completely miss the orc priest. Something hits you!
You die...

......>.#...###)..#.##
.............#.##...##.##.#
.............#.##.).##.###.
.............#....#....# ##
.............#####.########
.......K...................
........ooo................
........oo.................
........)YY@................
.........Yoo................
.....................#......
#...................##......
...................####'#'#'
##...............## #.#.#.
#..............## #[#.#. ..
#.#............# #.#.#.
..#+###+#.#.########.#
#.#.#.


You could see 3 yaks, an orc warrior, 2 orc priests, 4 orcs and a kobold.

Vanquished Creatures
  An ogre mage (D:8)
  A two-headed ogre (D:8)
  The ghost of 1lSu2w the Shooter, a novice CoHu of Okawaru (D:7)
  An orc knight (D:8)
  A gargoyle (D:7)
  Grinder (D:5)
  Prince Ribbit (D:5)
  A shadow (D:7)
  A steam dragon (D:6)
  Edmund (D:6)
  Duvessa (D:5)
  4 orc warriors
  4 ice beasts
  4 black bears
  3 sky beasts
  2 centaurs
  A phantom (D:5)
  A kobold brigand (D:4)
  A gnoll sergeant (D:8)
  4 bullfrogs
  7 scorpions
  Dowan (D:5)
  3 killer bees (D:8)
  3 howler monkeys
  2 bombardier beetles
  5 hounds
  Crazy Yiuf (D:5)
  A gnoll bouda (D:5)
  3 orc priests
  A jelly (D:6)
  2 orc wizards
  6 iguanas
  9 adders
  10 gnolls
  A white imp (D:7)
  An ufetubus (D:5)
  A dart slug (D:4)
  26 orcs
  13 endoplasms
  4 giant cockroaches
  8 goblins
  10 hobgoblins
  7 jackals
  7 kobolds
  5 quokkas
  7 ball pythons
  7 bats
  7 frilled lizards
  7 rats
200 creatures vanquished.

Notes
Turn   | Place    | Note
-------+----------+-------------------------------------------
     0 | D:1      | Remcycle the Troll Berserker began the quest for the Orb.
     0 | D:1      | Reached XP level 1. HP: 22/22 MP: 0/0
    41 | D:1      | Reached XP level 2. HP: 26/29 MP: 1/1
   104 | D:1      | Reached ** piety under Trog
   136 | D:1      | Reached skill level 4 in Unarmed Combat
   288 | D:1      | Reached XP level 3. HP: 35/36 MP: 2/2
   387 | D:1      | You fall into a shaft and drop 1 floor!
  1037 | D:2      | Reached skill level 5 in Unarmed Combat
  1037 | D:2      | Reached XP level 4. HP: 44/44 MP: 3/3
  1079 | D:2      | Found a blossoming altar of Fedhas.
  1232 | D:3      | Noticed an ice beast
  1244 | D:3      | Killed an ice beast
  1244 | D:3      | Reached *** piety under Trog
  1245 | D:3      | Reached skill level 6 in Unarmed Combat
  1245 | D:3      | Reached XP level 5. HP: 41/50 MP: 4/4
  1576 | D:4      | Found a hazy altar of Hepliaklqana.
  1579 | D:4      | Found a faded altar of an unknown god.
  1592 | D:4      | Reached XP level 6. HP: 53/59 MP: 5/5
  1625 | D:4      | Reached skill level 7 in Unarmed Combat
  1865 | D:4      | Found a bloodstained altar of Trog.
  1901 | D:4      | Reached skill level 8 in Unarmed Combat
  1901 | D:4      | Reached XP level 7. HP: 66/66 MP: 6/6
  2213 | D:5      | Entered Level 5 of the Dungeon
  2264 | D:5      | Found a shadowy altar of Dithmenos.
  2301 | D:5      | Reached **** piety under Trog
  2348 | D:5      | Reached skill level 9 in Unarmed Combat
  2378 | D:5      | Found a snail-covered altar of Cheibriados.
  2411 | D:5      | Found a staircase to the Ecumenical Temple.
  2440 | D:5      | Noticed Prince Ribbit
  2449 | D:5      | Reached XP level 8. HP: 55/74 MP: 7/7
  2454 | D:5      | Killed Prince Ribbit
  2455 | D:5      | Reached skill level 10 in Unarmed Combat
  2503 | Temple   | Entered the Ecumenical Temple
  2648 | D:5      | Found a runed translucent door.
  2649 | D:5      | Noticed Crazy Yiuf
  2671 | D:5      | Killed Crazy Yiuf
  2713 | D:5      | Noticed Duvessa
  2713 | D:5      | Noticed Dowan
  2717 | D:5      | Noticed Grinder
  2719 | D:5      | Killed Dowan
  2723 | D:5      | Killed Duvessa
  2735 | D:5      | Killed Grinder
  2736 | D:5      | Reached skill level 11 in Unarmed Combat
  2899 | D:5      | Noticed a +0 hand axe
  2900 | D:5      | Found a hide-covered altar of Uskayaw.
  2901 | D:5      | Noticed a +0 dagger
  2903 | D:5      | Reached skill level 12 in Unarmed Combat
  3012 | D:6      | Reached XP level 9. HP: 75/80 MP: 8/8
  3038 | D:6      | Found a sparkling altar of Nemelex Xobeh.
  3168 | D:6      | Identified the +10 quarterstaff of In Flagrante Delicto
                  | {holy, ^Contam rElec Dex+5}
  3303 | D:6      | Noticed Edmund
  3314 | D:6      | Killed Edmund
  3486 | D:6      | Reached skill level 13 in Unarmed Combat
  3505 | D:6      | Found a white marble altar of Elyvilon.
  3561 | D:6      | Identified the ring "Iqupot" {^Drain rN+ Will+ rCorr}
  3774 | D:7      | Found the +27 heavy crossbow "Sniper" {heavy, Acc+∞ SInv}
  3982 | D:7      | Reached ***** piety under Trog
  4162 | D:7      | Found a glowing golden altar of the Shining One.
  4166 | D:7      | Noticed a gargoyle
  4172 | D:7      | Killed a gargoyle
  4173 | D:7      | Reached skill level 14 in Unarmed Combat
  4247 | D:7      | Found a runed translucent gate.
  4248 | D:7      | Found a runed translucent gate.
  4248 | D:7      | Noticed 1lSu2w's ghost (novice CoHu)
  4249 | D:7      | Found a runed translucent gate.
  4250 | D:7      | Identified the +10 plate armour of Rotini {rPois Str+4}
  4432 | D:7      | Received a gift from Trog
  4541 | D:7      | Found a roughly hewn altar of Beogh.
  4566 | D:7      | Reached XP level 10. HP: 60/88 MP: 9/9
  4580 | D:7      | Killed 1lSu2w's ghost
  4791 | D:8      | Reached skill level 15 in Unarmed Combat
  4893 | D:8      | Noticed a two-headed ogre
  4897 | D:8      | Killed a two-headed ogre
  4898 | D:8      | Reached skill level 1 in Armour
  4964 | D:8      | Noticed an orc knight
  4972 | D:8      | Killed an orc knight
  4995 | D:8      | Noticed an ogre mage
  5005 | D:8      | Killed an ogre mage
  5145 | D:8      | HP: 4/92 [orc priest/+0 falchion (7)]
  5146 | D:8      | Slain by an unseen horror

Illustrated notes

Levels and vault maps discovered:
D:1:      lemuel_arrival_lava_pool, layout_rooms, serial_forest,
          infiniplex_forest_end_2, infiniplex_forest_lined_2,
          infiniplex_forest_lined_2, infiniplex_forest_clump_C,
          infiniplex_forest_end_1, infiniplex_forest_lined_corner,
          infiniplex_forest_clump_double
D:2:      wander_river, layout_rooms, basic_altar
D:3:      layout_basic
D:4:      layout_rooms, mainiacjoe_overflow_alcove_2,
          beargit_hepliaklqana_dungeon_heroes, hex_medium,
          kennysheep_another_room
D:5:      layout_cave_pools, dancing_weapons_uskayaw, cheibriados_altar_1,
          mainiacjoe_overflow_paths, minmay_temple_entry_large_hall,
          minmay_fractal_squares_5, uniq_crazy_yiuf_cottage,
          uniq_prince_ribbit1, uniq_duvessa, uniq_grinder
D:6:      layout_loops_ring, lemuel_coloured_pillars_altar,
          mainiacjoe_overflow_small_starburst, st_stairs_8, minmay_microvault,
          uniq_edmund
D:7:      layout_loops_ring, nicolae_tso_carved_into_rock,
          biasface_ghost_orc_armoury, hangedman_abyss_or_decor_lesser_grid
D:8:      layout_basic, lemuel_crystal_altar, minmay_the_grid_2x2
          [minmay_the_grid_square_x, minmay_the_grid_expand,
          minmay_the_grid_slots, minmay_the_grid_prize_diamond_cup]
Temple:   eino_temple_lava

Skill      XL: |  1  2  3  4  5  6  7  8  9 10 |
---------------+-------------------------------+-----
Unarmed Combat | 4 5 6 8 9 12 14 15 | 15.3
Fighting       | 3 |  3.8
Armour         | 2 |  2.7
Dodging        | 3 |  3.8

Action                     |  1- 3 |  4- 6 |  7- 9 | 10-12 || total
---------------------------+-------+-------+-------+-------++-------
  Melee: Unarmed           |   111 |   114 |   178 |    76 ||   479
         Punch             |     2 |     3 |    10 |     3 ||    18
 Invoke: Berserk           |       |     1 |     1 |       ||     2
    Use: Scroll            |       |     9 |     3 |       ||    12
         Potion            |       |       |       |     3 ||     3
   Stab: Sleeping          |     1 |     1 |       |       ||     2
 Armour: Animal skin       |    63 |    82 |   140 |    76 ||   361
  Dodge: Dodged            |    53 |    61 |    74 |    40 ||   228

Table legend: (Time is in decaauts)
 A = Elapsed time spent in this place.
 B = Non-inter-level travel time spent in this place.
 C = Inter-level travel time spent in this place.
 D = Time resting spent in this place.
 E = Time spent auto-exploring this place.
 F = Levels seen in this place.
 G = Mean time per level.
                   A        B        C        D        E       F      G
               +--------+--------+--------+--------+--------+-----+--------+
         Total |   5082 |   4899 |    183 |    162 |   3682 |   9 |  564.7 |
       Dungeon |   5080 |   4897 |    183 |    162 |   3682 |   8 |  635.0 |
        Temple |      1 |      1 |      0 |      0 |      0 |   1 |    1.0 |
               +--------+--------+--------+--------+--------+-----+--------+

Top non-repeatable levels by time:
     D:7: 894 daAuts
     D:5: 784 daAuts
     D:6: 758 daAuts
     D:1: 691 daAuts
     D:4: 640 daAuts
     D:8: 448 daAuts
     D:3: 438 daAuts
     D:2: 424 daAuts
  Temple: 1 daAuts
